 Dungeon Crawl Stone Soup version 0.30-a0-1016-gfb0d676c02 (webtiles) character file.

Game seed: 354634327968443835

2224 protoss039 the Covert (level 9, -4/52 HPs)
             Began as a Vampire Enchanter on Apr 6, 2023.
             Was an Initiate of Dithmenos.
             Slain by a gnoll sergeant
             ... wielding a +0 spear
              (6 damage)
             ... on level 7 of the Dungeon.
             The game lasted 00:20:53 (7129 turns).

protoss039 the Covert (Vampire Enchanter)           Turns: 7129, Time: 00:20:54

Health: -4/52      AC:  5    Str:  7    XL:     9   Next: 13%
Magic:  1/15       EV: 15    Int: 17    God:    Dithmenos [......]
Gold:   200        SH:  0    Dex: 25    Spells: 6/17 levels left

rFire   . . .      SeeInvis +    a - +1 dagger
rCold   + + .      Faith    .    (no shield)
rNeg    + + +      Spirit   .    b - +0 robe
rPois   ∞          Reflect  .    (no helmet)
rElec   .          Rampage  .    u - +0 cloak
rCorr   .                        (no gloves)
Will    .....                    m - +1 pair of boots
Stlth   +++++++                  (no amulet)
HPRegen 0.00/turn                y - +6 ring of dexterity
MPRegen 0.14/turn                (no ring)

@: bloodless, inhibited regen, invisible
A: bloodless, fangs 3, see invisible, vampiric 2
a: Bat Form, Revivify, Renounce Religion


You were on level 7 of the Dungeon.
You worshipped Dithmenos.
Dithmenos was noncommittal.
You visited 2 branches of the dungeon, and saw 8 of its levels.
You also visited: Ossuary.

You collected 280 gold pieces.
You spent 80 gold pieces at shops.

Inventory:

Hand Weapons
 a - a +1 dagger (weapon)
 i - a +0 trident of venom
 q - a +0 war axe of venom
Missiles
 l - 9 poisoned darts (quivered)
 s - 2 throwing nets
Armour
 b - a +0 robe (worn)
 m - a +1 pair of boots (worn)
 u - a +0 cloak (worn)
Jewellery
 y - a +6 ring of dexterity (left hand)
Wands
 k - a wand of mindburst (17)
 D - a wand of digging (2)
 F - a wand of flame (5)
Scrolls
 d - a scroll of identify
 e - 5 scrolls of blinking
 g - a scroll of immolation
 j - a scroll of fog {unknown}
 o - 2 scrolls of fear
 w - 2 scrolls of poison {unknown}
 B - 2 scrolls of vulnerability {unknown}
 C - a scroll of magic mapping {unknown}
Potions
 f - a potion of haste {unknown}
 h - a potion of ambrosia
 n - a potion of flight {unknown}
 p - a potion of magic {unknown}
 r - a potion of brilliance {unknown}
 t - 2 potions of lignification {unknown}
 v - a potion of mutation {unknown}
 x - a potion of experience {unknown}
 z - 2 potions of curing {unknown}
 A - a potion of heal wounds {unknown}
 E - a potion of might


   Skills:
 * Level 4.7 Fighting
 + Level 3.0 Short Blades
 + Level 0.1 Throwing
 * Level 1.8 Armour
 + Level 4.6 Dodging
 * Level 9.5 Stealth
 * Level 4.5 Spellcasting
 + Level 1.5 Conjurations
 + Level 6.8 Hexes
 - Level 3.0 Ice Magic
 * Level 0.2 Invocations
 + Level 2.5 Evocations


You had 6 spell levels left.
You knew the following spells:

 Your Spells              Type           Power      Damage    Failure   Level
a - Ensorcelled Hibernat  Hex/Ice        40%        N/A       3%          2
b - Confusing Touch       Hex            26%        N/A       2%          3
c - Tukima's Dance        Hex            26%        N/A       2%          3
d - Dazzling Flash        Conj/Hex       34%        N/A       9%          3

Your spell library contained the following spells:

 Spells                   Type           Power      Damage    Failure   Level
 Silence                  Hex/Air        7%         N/A       71%         5
 Agony                    Necr           3%         N/A       99%         5


Dungeon Overview and Level Annotations

Branches:
Dungeon (7/15) Zot: 26840  Temple (1/1) D:6 Zot: 5952 Ossuary (visited)

Altars:
Ashenzari
Cheibriados
Dithmenos
Fedhas
Gozag
Hepliaklqana
Kikubaaqudgha
Makhleb
Nemelex Xobeh
Okawaru
Qazlal
Ru
Sif Muna
Uskayaw
Vehumet
Wu Jian
Xom

Shops:
D:1 ?   D:6 !


Innate Abilities, Weirdness & Mutations

You do not regenerate when monsters are visible.
You are frail without blood (-20% HP).
You can heal yourself when you bite living creatures.
You are immune to poison.
You have razor-sharp teeth.
You have supernaturally acute eyesight. (SInv)
You are afflicted with vampirism and can become a bat while bloodless.


Message History

Things that are here:
a +0 flail; a gnoll corpse Unknown command.
You hit the gnoll sergeant.
The gnoll sergeant is lightly wounded.
Unknown command.
Casting: Dazzling Flash (dangerous; 9% risk of failure)
Confirm with . or Enter, or press ? or * to list all spells.
Aiming: Ensorcelled Hibernation (safe; 3% risk of failure)
Press: ? - help, Shift-Dir - straight line, f - gnoll
Aim: a gnoll, wielding a +0 spear (chance to affect: 62%)
The gnoll resists with significant effort.
The gnoll misses you. The gnoll sergeant barely misses you.
The gnoll barely misses you.
Unknown command.
Unknown command.
Casting: Ensorcelled Hibernation (safe; 3% risk of failure)
Confirm with . or Enter, or press ? or * to list all spells.
You don't have enough magic to cast this spell.
The gnoll sergeant is no longer blind.
The gnoll hits you with a +0 spear.
The gnoll sergeant hits you with a +0 spear!
Unknown command.
Unknown command.
The gnoll attacks as you move away! The gnoll hits you but does no damage.
The gnoll is no longer blind.
The gnoll hits you from afar with a +0 spear.
* * * LOW HITPOINT WARNING * * *
The gnoll barely misses you.
The gnoll sergeant hits you from afar with a +0 spear!
* * * LOW HITPOINT WARNING * * *
Unknown command.
Okay, then.
Unknown command.
You fade into invisibility!
The gnoll is no longer blind.
The gnoll hits you from afar with a +0 spear.
* * * LOW HITPOINT WARNING * * *
The gnoll misses you.
The gnoll sergeant hits you from afar with a +0 spear.
You die...

.....## #$..
####..## #.... #
##..## #.....
##..## ##.....#
##..### ###...#
#....####.†..# #
#.......gggg## #
#....#....)).# #
#...#####....@##
# ...## ##....##
#...# ##....###
..# ##......# ..
#.......#
#...#.†.#
#.........#
.....#._.#.#
##..........


You could see a gnoll sergeant (unable to see you) and 3 gnolls.

Vanquished Creatures
  Menkaure (D:6)
  Edmund (D:6)
  An ice beast (D:5)
  A centaur (D:6)
  A sky beast (D:7)
  3 ogres
  2 phantoms (D:5)
  An elf zombie (Ossuary)
  A kobold brigand (D:6)
  A bullfrog (D:6)
  4 scorpions
  2 gnoll sergeants (D:6)
  A howler monkey (D:4)
  4 human zombies (Ossuary)
  3 hounds
  A jelly (D:4)
  2 iguanas
  A sleepcap (D:6)
  An orc wizard (D:3)
  2 mummies (Ossuary)
  20 gnolls
  6 adders
  An adder zombie (Ossuary)
  3 dart slugs
  2 worms
  12 orcs
  7 endoplasms
  3 giant cockroaches
  8 goblins
  3 hobgoblins
  3 jackals (D:3)
  4 quokkas
  6 ball pythons
  5 bats
  4 frilled lizards
  9 hobgoblin zombies (Ossuary)
  2 jackal zombies (Ossuary)
  7 kobolds
  12 kobold zombies (Ossuary)
  8 orc zombies (Ossuary)
  7 rats
166 creatures vanquished.

Vanquished Creatures (others)
  A dancing weapon (D:6)
1 creature vanquished.

Grand Total: 167 creatures vanquished

Notes
Turn   | Place    | Note
-------+----------+-------------------------------------------
     0 | D:1      | protoss039 the Vampire Enchanter began the quest for the
                  | Orb.
     0 | D:1      | Reached XP level 1. HP: 13/13 MP: 3/3
   171 | D:1      | Reached XP level 2. HP: 17/20 MP: 5/5
   364 | D:1      | Learned a level 2 spell: Ensorcelled Hibernation
   667 | D:1      | Found Foufeor's Magic Scroll Shop.
   672 | D:1      | Bought a scroll of identify for 20 gold pieces
   707 | D:2      | Reached skill level 1 in Fighting
   942 | D:2      | Reached skill level 5 in Stealth
   942 | D:2      | Gained mutation: You are afflicted with vampirism and can
                  | become a bat while bloodless. [Vampire growth]
   942 | D:2      | Reached XP level 3. HP: 20/20 MP: 1/6
  1172 | D:1      | Learned a level 3 spell: Confusing Touch
  1258 | D:2      | Reached XP level 4. HP: 14/25 MP: 4/7
  1557 | D:2      | Reached skill level 1 in Ice Magic
  1994 | D:3      | Found an iron altar of Okawaru.
  2334 | D:3      | Found a faded altar of an unknown god.
  2639 | D:3      | Reached XP level 5. HP: 26/30 MP: 0/8
  2769 | D:3      | Learned a level 3 spell: Tukima's Dance
  3122 | D:4      | Reached skill level 6 in Stealth
  3122 | D:4      | Reached skill level 5 in Hexes
  3342 | D:4      | Found an opulent altar of Gozag.
  3342 | D:4      | Found a sacrificial altar of Ru.
  3511 | D:4      | Noticed an ogre
  3516 | D:4      | Killed an ogre
  3517 | D:4      | Reached XP level 6. HP: 36/36 MP: 8/10
  3959 | D:5      | Entered Level 5 of the Dungeon
  4118 | D:5      | Noticed an ice beast
  4133 | D:5      | Killed an ice beast
  4134 | D:5      | Reached skill level 7 in Stealth
  4134 | D:5      | Reached XP level 7. HP: 33/40 MP: 8/11
  4152 | D:5      | Found an ornate altar of the Wu Jian Council.
  4154 | D:5      | Found a shadowy altar of Dithmenos.
  4204 | D:5      | Found a sand-covered staircase.
  4247 | Ossuary  | Entered an ossuary
  4727 | Ossuary  | Reached skill level 1 in Evocations
  5207 | D:5      | Learned a level 3 spell: Dazzling Flash
  5242 | D:5      | Reached skill level 8 in Stealth
  5302 | D:5      | Reached XP level 8. HP: 41/41 MP: 3/13
  5887 | D:6      | Noticed Edmund
  5888 | D:6      | Noticed Menkaure
  5890 | D:6      | Killed Edmund
  5946 | D:6      | Killed Menkaure
  5947 | D:6      | Reached skill level 1 in Armour
  5947 | D:6      | Reached skill level 1 in Conjurations
  6196 | D:6      | Reached skill level 9 in Stealth
  6409 | D:6      | Found Hideof's Distillery.
  6416 | D:6      | Bought a potion of degeneration for 12 gold pieces
  6416 | D:6      | Bought a potion of might for 48 gold pieces
  6513 | D:6      | Found a staircase to the Ecumenical Temple.
  6522 | D:6      | Reached XP level 9. HP: 52/52 MP: 7/15
  6596 | Temple   | Entered the Ecumenical Temple
  6744 | D:5      | Became a worshipper of Dithmenos the Shadowed
  7101 | D:7      | Found a radiant altar of Vehumet.
  7129 | D:7      | HP: 2/52 [gnoll/+0 spear[a gnoll sergeant] (2)]
  7129 | D:7      | Slain by a gnoll sergeant

Illustrated notes

Levels and vault maps discovered:
D:1:      heliophobic_arrival_enchanted_forest, layout_basic, serial_shops,
          nicolae_shop_hallway_plus, minmay_tree_intersection,
          minmay_misc_feat_four_crosses
D:2:      layout_basic
D:3:      layout_loops_corners, mainiacjoe_overflow_concentric_impassable,
          ebering_ecumenical_altar_hall
D:4:      layout_gridville, tso_metal_star, grunt_temple_overflow_open,
          portal_sewer_entry_d, cheibrodos_gnoll_hut
D:5:      layout_cave_pools, nicolae_overflow_hidden_temple,
          nicolae_ossuary_entry_plus, chequers_garden,
          chequers_serial_rivers_micro_e
D:6:      layout_loops_ring, minmay_temple_entry_nine_rooms, serial_shops,
          nicolae_shop_statue_plus, uniq_edmund, uniq_menkaure
D:7:      layout_layer_cave, vehumet_altar_wand_db
Temple:   nicolae_temple_god_jail

Skill      XL: |  1  2  3  4  5  6  7  8 |
---------------+-------------------------+-----
Fighting       | 1 2 3 4 |  4.7
Stealth        | 5 6 7 8 9 |  9.5
Ice Magic      | 1 2 3 |  3.0
Short Blades   | 2 3 |  3.0
Dodging        | 3 4 |  4.6
Hexes          | 5 6 |  6.8
Spellcasting   | 3 4 |  4.5
Evocations     | 1 2 |  2.5
Armour         | 1 |  1.8
Conjurations   | 1 |  1.5
Throwing       | |  0.1
Invocations    | |  0.2

Action                     |  1- 3 |  4- 6 |  7- 9 || total
---------------------------+-------+-------+-------++-------
  Melee: Dagger            |    54 |   137 |   324 ||   515
         Bite              |     3 |    10 |    55 ||    68
         Punch             |     2 |     1 |     8 ||    11
  Throw: Dart              |       |       |     1 ||     1
   Cast: Ensorcelled Hiber |    19 |    40 |    35 ||    94
         Confusing Touch   |       |     1 |    32 ||    33
         Tukima's Dance    |       |       |     3 ||     3
         Dazzling Flash    |       |       |     1 ||     1
Ability: Exsanguinate      |     1 |       |     1 ||     2
         Revivify          |       |       |     1 ||     1
    Use: Scroll            |     1 |     1 |     2 ||     4
         Potion            |       |     1 |     2 ||     3
   Stab: Sleeping          |    12 |    50 |    39 ||   101
         Invisible         |       |     2 |       ||     2
         Confused          |       |     2 |    20 ||    22
 Armour: Robe              |     9 |    30 |    74 ||   113
  Dodge: Dodged            |    42 |    60 |   208 ||   310

Table legend: (Time is in decaauts)
 A = Elapsed time spent in this place.
 B = Non-inter-level travel time spent in this place.
 C = Inter-level travel time spent in this place.
 D = Time resting spent in this place.
 E = Time spent auto-exploring this place.
 F = Levels seen in this place.
 G = Mean time per level.
                   A        B        C        D        E       F      G
               +--------+--------+--------+--------+--------+-----+--------+
         Total |   7068 |   6697 |    371 |    652 |   3988 |   9 |  785.3 |
       Dungeon |   6099 |   5740 |    359 |    481 |   3824 |   7 |  871.3 |
        Temple |     47 |     35 |     12 |      0 |     24 |   1 |   47.0 |
       Ossuary |    921 |    921 |      0 |    171 |    140 |   1 |  921.0 |
               +--------+--------+--------+--------+--------+-----+--------+

Top non-repeatable levels by time:
     D:6: 1201 daAuts
     D:2: 1183 daAuts
     D:3: 1098 daAuts
 Ossuary: 921 daAuts
     D:4: 857 daAuts
     D:1: 807 daAuts
     D:5: 793 daAuts
     D:7: 158 daAuts
  Temple: 47 daAuts
